AoeStats
← Bananidze

Migration

507857231Analyzed
1v1 RM · 14d ago on Sep 20, 2026· 64m 4s· 2 players
Game mode
Random Map
Map size
132×132
Population
200
Speed
Normal
Resources
Standard
Victory
Conquest
Starting age
Dark Age
Ending age
Imperial Age
RankedLock teamsTeams togetherTeam positionsShared explorationLock speedFull tech treeHidden civsTurbo modeCheats
Victory
Defeat
🇨🇦 Wu · Canada
578
+14
🇺🇦 Japanese · Ukraine
541
-14
Bananidze
8:46 Feudal Age
10:05 Double-Bit Axe
12:59 Wheelbarrow
16:22 Town Watch
16:26 Horse Collar
18:55 Man-at-Arms
19:52 Fishing Lines
27:03 Castle Age
25:55 Stone Mining
25:58 Gold Mining
27:51 Long Swordsman
28:56 Gillnets
29:41 Squires
30:45 Gold Shaft Mining
36:45 Imperial Age
34:21 Gambesons
35:52 Murder Holes
36:18 Ballistics
36:19 Scale Mail Armor
39:06 Bow Saw
39:02 Heavy Plow
39:58 Hand Cart
39:29 Pikeman
41:55 Kataparuto
44:15 Chemistry
46:20 Halberdier
46:24 Two-Handed Swordsman
49:25 Crossbowman
49:26 Elite Skirmisher
60:12 Champion
McLovin
13:19 Feudal Age
15:44 Double-Bit Axe
22:07 Fletching
22:17 Padded Archer Armor
25:47 Castle Age
23:53 Gold Mining
24:26 Man-at-Arms
24:53 Arson
27:30 Bodkin Arrow
27:50 Leather Archer Armor
26:58 Crossbowman
27:03 Long Swordsman
31:06 Bow Saw
32:34 Wheelbarrow
31:46 Town Watch
31:49 Loom
35:45 Hand Cart
35:40 Squires
36:10 Forging
40:30 Imperial Age
38:22 Scale Mail Armor
40:34 Stone Mining
40:56 Town Patrol
42:31 Stone Shaft Mining
42:45 Gold Shaft Mining
44:45 Bracer
45:21 Iron Casting
49:35 Two-Handed Swordsman
52:08 Sitting Tiger
60:52 Guilds
63:24 Champion
65:07 Blast Furnace
Connection lost

Rejoining the realm…

Still unreachable

The connection could not be restored.

Session expired

The server has moved on; the page needs a fresh start.